 Dungeon Crawl Stone Soup version 0.19.5 (webtiles) character file.

10 Gorglomux the Stinger (level 2, 22/22 HPs)
             Began as a Naga Venom Mage on Mar 2, 2017.
             Quit the game on level 1 of the Dungeon on June 16, 2017.
             The game lasted 00:01:44 (682 turns).

Gorglomux the Stinger (Naga Venom Mage)              Turns: 682, Time: 00:01:45

Health: 22/22      AC:  1    Str: 10    XL:     2   Next: 20%
Magic:  5/5        EV: 10    Int: 15    God:
Gold:   40         SH:  0    Dex: 11    Spells: 1 memorised, 4 levels left

rFire  . . .     SeeInvis +     (no weapon)
rCold  . . .     Gourm    .     a - +0 robe
rNeg   . . .     Faith    .     (no shield)
rPois  +         Spirit   .     (no helmet)
rElec  .         Reflect  .     (no cloak)
rCorr  .         Harm     .     (no gloves)
MR     .....                    (no barding)
Stlth  ++........               (no amulet)
                                (no ring)
                                (no ring)

@: very slow
A: see invisible, deformed body, poison resistance, slowness 2, slow metabolism
1, spit poison 1, AC +0
a: Spit Poison


You were on level 1 of the Dungeon.
You were not hungry.

You visited 1 branch of the dungeon, and saw 1 of its levels.

You collected 40 gold pieces.

Inventory:

Armour
 a - a +0 robe (worn)
Scrolls
 f - 2 scrolls of noise {unknown}
 g - 2 scrolls of remove curse {unknown}
 i - a scroll of fog {unknown}
 l - a scroll of identify {unknown}
Potions
 e - a potion of ambrosia {unknown}
Books
 b - a Young Poisoner's Handbook

   Spells                             Type                      Level
   a - Sting                          Conjuration/Poison           1
   b - Mephitic Cloud                 Conjuration/Poison/Air       3
   c - Olgreb's Toxic Radiance        Poison                       4
   d - Alistair's Intoxication        Transmutation/Poison         5
   e - Venom Bolt                     Conjuration/Poison           5
Comestibles
 c - 2 bread rations
 d - a fruit
 j - a meat ration
 m - 4 chunks of flesh


   Skills:
 - Level 1.5 Dodging
 - Level 3.0 Stealth
 - Level 2.0 Spellcasting
 + Level 6.0 Poison Magic


You had 4 spell levels left.
You knew the following spells:

 Your Spells              Type           Power        Failure   Level  Hunger
a - Sting                 Conj/Pois      ##..         8%          1    #......


Dungeon Overview and Level Annotations

Branches:
Dungeon (1/15)

Altars:


Innate Abilities, Weirdness & Mutations

You cannot wear boots.
Your serpentine skin is tough. (AC +0)
You have supernaturally acute eyesight. (SInv)
Armour fits poorly on your strangely shaped body.
Your system is resistant to poisons. (rPois)
You cover ground very slowly.
You have a slow metabolism.
You can spit poison.


Message History

Found a robe.
Saving game... please wait.
Welcome back, Gorglomux the Naga Venom Mage.
Press ? for a list of commands and other information.
Welcome back, Gorglomux the Naga Venom Mage.
Press ? for a list of commands and other information.
Welcome back, Gorglomux the Naga Venom Mage.
Press ? for a list of commands and other information.
Welcome back, Gorglomux the Naga Venom Mage.
Press ? for a list of commands and other information.
Welcome back, Gorglomux the Naga Venom Mage.
Press ? for a list of commands and other information.
Saving game... please wait.
Welcome back, Gorglomux the Naga Venom Mage.
Press ? for a list of commands and other information.
Welcome back, Gorglomux the Naga Venom Mage.
Press ? for a list of commands and other information.
Welcome back, Gorglomux the Naga Venom Mage.
Press ? for a list of commands and other information.
Are you sure you want to abandon this character and quit the game? (Confirm with "yes".)

#'#### #.##.###...#.#.#
#.# #.# #.##..###.##.#.#
#.# #.# #. ##.###.##.#.#
#.# #.# #. #.....##.#.##
#.# #.# #.....##....# #.#
..####. #.....##....# #.#
....... !..###..##.##....#
#.# .......
..[.........#....# #.#
####### ####@##..#.#.##
#.# #### ####.##..#.#.#
#.#
...##########.....#..#.#.#
#.#
##.#≈≈≈#≈#≈.'.###.#..#.#.#
#.# ##.#≈##≈#≈#####
#....#.#.# #.#
##)#≈≈#≈#≈###
##...#.#.#####.##
##.+≈<#≈#≈≈.#
#...#.#...÷.#..#
##.#≈≈≈≈###.#
#...#.#####.#..#
##.#≈##≈#.#.# ##..#.#
#.#..#


There were no monsters in sight!

Vanquished Creatures
  A bat (D:1)
  4 goblins (D:1)
  A hobgoblin (D:1)
  2 kobolds (D:1)
  A rat (D:1)
9 creatures vanquished.

Notes
Turn   | Place    | Note
-------+----------+-------------------------------------------
     0 | D:1      | Gorglomux the Naga Venom Mage began the quest for the Orb.
     0 | D:1      | Reached XP level 1. HP: 15/15 MP: 3/3
   505 | D:1      | Reached XP level 2. HP: 22/22 MP: 3/5
   609 | D:1      | Reached skill level 6 in Poison Magic
   682 | D:1      | Quit the game

Skill      XL: |  1  2 |
---------------+-------+-----
Poison Magic   | 6 |  6.0
Dodging        | |  1.5
Stealth        | |  3.0
Spellcasting   | |  2.0

Action                   || total
-------------------------++-------
Melee: Unarmed           ||     1
 Cast: Sting             ||    15
 Abil: Spit Poison       ||     1
Armor: Robe              ||     2
Dodge: Dodged            ||     2
